 Dungeon Crawl Stone Soup version 0.31.0-11-ge490571c62 (webtiles) character file.

Game seed: 6060495488453959166

4746 Gadfly the Insei (level 10, 0/76 HPs)
             Began as a Demonspawn Monk on Feb 5, 2024.
             Was an Initiate of Ru.
             Slain by a steam dragon (4 damage)
             ... on level 9 of the Dungeon.
             The game lasted 00:13:58 (9963 turns).

Gadfly the Insei (Demonspawn Monk)                  Turns: 9963, Time: 00:13:59

Health: 0/76       AC:  5    Str: 15    XL:     10   Next: 22%
Magic:  10/10      EV: 15    Int: 11    God:    Ru [......]
Gold:   1349       SH:  4    Dex: 16    Spells: 4/9 levels left

rFire   . .          .
                       - Unarmed
rCold   . . .        (no shield)
rNeg    . . .        a - +1 robe
rPois   +            v - +0 helmet
rElec   .            p - +0 cloak
rCorr   .            (gloves unavailable)
SInv    .            (no boots)
Will    .....        (no amulet)
Stlth   +            u - ring of poison resistance
HPRegen 0.32/turn    (no ring)
MPRegen 0.12/turn

%: no passive effects
@: no status effects
A: large bone plates 1, demonic guardian 1, powered by death 1, demonic touch 3
a: Renounce Religion


You were on level 9 of the Dungeon.
You worshipped Ru.
Ru was noncommittal.
You visited 2 branches of the dungeon, and saw 10 of its levels.

You collected 1349 gold pieces.

Inventory:

Hand Weapons
 b - the +8 dagger of Wyrd {spect, rC++ Str-4 Int+4}
   (You found it on level 6 of the Dungeon)

   Str-4:     It affects your strength (-4).
   Int+4:     It affects your intelligence (+4).
   rC++:      It greatly protects you from cold.
 l - a +0 war axe of flaming
 o - a +1 short sword of venom
 q - a +2 long sword of freezing
 x - a +4 trident of draining
Armour
 a - a +1 robe (worn)
 c - an orb of light
 p - a +0 cloak (worn)
 v - a +0 helmet (worn)
Jewellery
 u - a ring of poison resistance (left hand)
Wands
 i - a wand of mindburst (9)
 m - a wand of flame (14) (quivered)
 n - a wand of quicksilver (15)
 r - a wand of roots (8)
Scrolls
 d - 5 scrolls of poison
 h - 4 scrolls of enchant armour
 t - a scroll of revelation
Potions
 e - a potion of mutation
 f - 2 potions of curing
 g - a potion of ambrosia
 j - 3 potions of heal wounds
 k - a potion of enlightenment
 s - 2 potions of attraction
 z - a potion of brilliance {unknown}


   Skills:
 + Level 6.0 Fighting
 * Level 6.1 Dodging
 * Level 7.8 Unarmed Combat
 + Level 5.9 Evocations
 * Level 6.5 Shapeshifting


You had 4 spell levels left.
You knew the following spells:

 Your Spells              Type           Power      Damage    Failure   Level
a - Swiftness             Air            0%         N/A       71%         3
b - Blink                 Tloc           0%         N/A       47%         2

Your spell library contained the following spells:

 Spells                   Type           Power      Damage    Failure   Level
 Kiss of Death            Conj/Necr      0%         2d5       34%         1
 Shock                    Conj/Air       0%         1d3       34%         1
 Lesser Beckoning         Tloc           0%         N/A       47%         2
 Momentum Strike          Conj/Tloc      0%         3d8       47%         2
 Sublimation of Blood     Necr           0%         N/A       47%         2
 Confusing Touch          Hex            0%         N/A       71%         3
 Dazzling Flash           Conj/Hex       0%         N/A       71%         3
 Hailstorm                Conj/Ice       0%         3d5       71%         3
 Mephitic Cloud           Conj/Alch/Air  0%         N/A       71%         3
 Summon Ice Beast         Ice/Summ       0%         N/A       71%         3
 Airstrike                Air            0%         2d(0-16)  98%         4
 Anguish                  Hex/Necr       0%         N/A       98%         4
 Cause Fear               Hex            0%         N/A       98%         4
 Dispel Undead            Necr           0%         3d6       98%         4
 Petrify                  Alch/Erth      0%         N/A       98%         4
 Curse of Agony           Necr           0%         N/A       100%        5
 Irradiate                Conj/Alch      0%         3d11      100%        5
 Silence                  Hex/Air        0%         N/A       100%        5
 Sculpt Simulacrum        Ice/Alch       0%         N/A       100%        6
 Enfeeble                 Hex            0%         N/A       100%        7


Dungeon Overview and Level Annotations

Branches:
Dungeon (9/15)             Temple (1/1) D:7
   Lair: D:8-11         Orc: D:9-12

Altars:
Ashenzari
Cheibriados
Dithmenos
Fedhas
Gozag
Hepliaklqana
Kikubaaqudgha
Makhleb
Nemelex Xobeh
Okawaru
Qazlal
Ru
Sif Muna
Trog
Uskayaw
Vehumet
Wu Jian
Xom

Annotations:
D:3 1 transporter, superradish's ghost, amateur OpSh
D:9 Joseph
Temple 2 transporters


Innate Abilities, Weirdness & Mutations

You are partially covered in large bone plates. (SH +4)
A weak demonic guardian rushes to your aid.
You regenerate a little health from kills.
Your touch may irresistibly damage your foes and sap their willpower.


Message History

You closely miss the steam dragon.
The steam dragon is almost dead.
The steam dragon bites you but does no damage.
The steam dragon completely misses you.
You barely miss the steam dragon.
The steam dragon is almost dead.
The steam dragon breathes steam at you. The ball of steam hits you!!
You hear a shout!
You are too injured to fight recklessly!
You are too injured to fight recklessly!
You are too injured to fight recklessly!
You are too injured to fight recklessly!
You are too injured to fight recklessly!
You are too injured to fight recklessly!
You are too injured to fight recklessly!
You are too injured to fight recklessly!
You are too injured to fight recklessly!
You are too injured to fight recklessly!
You are too injured to fight recklessly!
You are too injured to fight recklessly!
You are too injured to fight recklessly!
You are too injured to fight recklessly!
You barely miss the steam dragon.
The steam dragon is almost dead.
You are engulfed in a cloud of scalding steam.
* * * LOW HITPOINT WARNING * * *
The steam dragon bites you.
* * * LOW HITPOINT WARNING * * *
The steam dragon misses you.
You hit the steam dragon.
The steam dragon is almost dead.
You are engulfed in a cloud of scalding steam.
* * * LOW HITPOINT WARNING * * *
A demonic guardian appears!
You block the steam dragon's attack.
The steam dragon claws you but does no damage.
You are engulfed in a cloud of scalding steam.
* * * LOW HITPOINT WARNING * * *
The steam dragon bites you.
You die...

# #........# #
####........# #
#...........# # #
#.).........# .##
#...........# ....
#........###### .....
###.......§§§§§5#####......
...........§§§§.§D.......>.
........[§§§.§§§@######....
##.#######.......# . #.#
######.## #.## #..# #..#
#.## ##~.# ##.# #≈~.###
##..# ≈≈≈...# #..##
≈≈~≈~.## #.######


You could see a steam dragon (catching breath, ally target) and a friendly white
imp (summoned).

Vanquished Creatures
  A two-headed ogre (D:9)
  Jeremiah (D:7)
  A hornet (D:8)
  Prince Ribbit (D:7)
  A wyvern (D:9)
  A water moccasin (D:6)
  An ice beast (D:8)
  A sky beast (D:8)
  2 orc warriors (D:8)
  A black bear (D:7)
  2 ogres
  2 centaurs
  A kobold brigand (D:8)
  2 scorpions
  5 bullfrogs
  13 wights
  A killer bee (D:8)
  4 electric eels
  2 howler monkeys
  4 hounds
  2 orc priests (D:4)
  A bombardier beetle (D:7)
  2 gnoll boudas
  2 sleepcaps (D:5)
  5 iguanas
  6 orc wizards
  9 gnolls
  5 adders
  A shadow imp (D:5)
  A white imp (D:7)
  4 ufetubi (D:6)
  3 dart slugs
  2 ribbon worms
  22 orcs
  3 ball pythons (D:1)
  4 endoplasms
  2 giant cockroaches
  6 goblins
  3 hobgoblins
  2 quokkas
  2 bats
  2 frilled lizards
  5 kobolds
  3 rats (D:2)
144 creatures vanquished.

Vanquished Creatures (collateral kills)
  An acid dragon (D:6)
  A howler monkey (D:9)
  An orc priest (D:8)
  An orc (D:8)
  A kobold (D:8)
5 creatures vanquished.

Grand Total: 149 creatures vanquished

Notes
Turn   | Place    | Note
-------+----------+-------------------------------------------
     0 | D:1      | Gadfly the Demonspawn Monk began the quest for the Orb.
     0 | D:1      | Reached XP level 1. HP: 18/18 MP: 1/1
    81 | D:1      | You fall into a shaft and drop 1 floor!
   177 | D:2      | Found a snail-covered altar of Cheibriados.
   250 | D:1      | Gained mutation: A weak demonic guardian rushes to your
                  | aid. [demonic ancestry]
   250 | D:1      | Reached XP level 2. HP: 18/24 MP: 2/2
   440 | D:1      | Reached skill level 3 in Unarmed Combat
   869 | D:2      | Reached skill level 1 in Evocations
  1264 | D:2      | Reached skill level 1 in Shapeshifting
  1268 | D:2      | Found a faded altar of an unknown god.
  1397 | D:2      | Identified a scroll of acquirement
  1397 | D:2      | Acquired 863 gold pieces
  1582 | D:3      | Found a transporter.
  1590 | D:3      | Noticed superradish's ghost (amateur OpSh)
  1592 | D:3      | Noticed an ogre
  1593 | D:3      | Identified the +2 dire flail "Neihad" {drain, ^Fragile rC+
                  | MP+9 Str+2}
  1593 | D:3      | Noticed an ogre
  1670 | D:3      | Gained mutation: Your touch may inflict minor irresistible
                  | damage on your foes. [demonic ancestry]
  1670 | D:3      | Reached XP level 3. HP: 22/29 MP: 3/3
  1792 | D:3      | Found a snail-covered altar of Cheibriados.
  2103 | D:3      | Found an ancient bone altar of Kikubaaqudgha.
  2104 | D:3      | Found an ornate altar of the Wu Jian Council.
  2167 | D:3      | Gained mutation: You regenerate a little health from kills.
                  | [demonic ancestry]
  2167 | D:3      | Reached XP level 4. HP: 18/35 MP: 4/4
  2465 | D:3      | Found an opulent altar of Gozag.
  2805 | D:4      | Reached XP level 5. HP: 30/41 MP: 5/5
  2961 | D:4      | Reached skill level 4 in Unarmed Combat
  3078 | D:4      | Gained mutation: You are partially covered in large bone
                  | plates. (SH +4) [demonic ancestry]
  3078 | D:4      | Reached XP level 6. HP: 47/47 MP: 6/6
  3594 | D:5      | Entered Level 5 of the Dungeon
  3990 | D:5      | Learned a level 3 spell: Swiftness
  4096 | D:5      | Gained mutation: Your touch may inflict irresistible damage
                  | on your foes. [demonic ancestry]
  4096 | D:5      | Reached XP level 7. HP: 52/52 MP: 7/7
  4496 | D:5      | Learned a level 2 spell: Blink
  4752 | D:6      | Reached skill level 5 in Unarmed Combat
  4991 | D:6      | Identified the +8 dagger of Wyrd {spect, rC++ Str-4 Int+4}
  5154 | D:6      | Gained mutation: Your touch may irresistibly damage your
                  | foes and sap their willpower. [demonic ancestry]
  5154 | D:6      | Reached XP level 8. HP: 39/58 MP: 8/8
  5229 | D:6      | Reached skill level 5 in Evocations
  5739 | D:6      | Reached skill level 6 in Unarmed Combat
  5816 | D:6      | Found a sacrificial altar of Ru.
  6348 | D:6      | Became a worshipper of Ru the Awakened
  6375 | D:7      | Noticed Prince Ribbit
  6398 | D:7      | Killed Prince Ribbit
  6550 | D:7      | Reached skill level 5 in Shapeshifting
  6555 | D:7      | Reached XP level 9. HP: 58/65 MP: 9/9
  6589 | D:7      | Reached skill level 5 in Dodging
  6651 | D:7      | Found a blossoming altar of Fedhas.
  6842 | D:7      | Found a bloodstained altar of Trog.
  6903 | D:7      | Found a staircase to the Ecumenical Temple.
  6916 | Temple   | Found a transporter.
  6916 | Temple   | Found a transporter.
  6916 | Temple   | Found a transporter.
  6916 | Temple   | Found a transporter.
  6916 | Temple   | Entered the Ecumenical Temple
  6967 | D:7      | Noticed Jeremiah
  6981 | D:7      | Killed Jeremiah
  7289 | D:8      | Paralysed by a hornet for 2 turns
  7803 | D:8      | Reached skill level 5 in Fighting
  7803 | D:8      | Reached skill level 7 in Unarmed Combat
  9101 | D:9      | Noticed a two-headed ogre
  9116 | D:9      | Killed a two-headed ogre
  9117 | D:9      | Reached XP level 10. HP: 37/76 MP: 10/10
  9669 | D:9      | Noticed Joseph
  9963 | D:9      | Slain by a steam dragon

Illustrated notes

Levels and vault maps discovered:
D:1:      wander_arrival_estate, layout_basic
D:2:      layout_loops_ring, basic_altar, hellmonk_ecumenical_altar_heavens_door
D:3:      layout_basic, nicolae_overflow_hidden_temple, gammafunk_ghost_smash,
          guppyfry_early_lair_pool
D:4:      layout_basic, nrook_mini_backslash
D:5:      layout_gridville, minmay_misc_feat_four_crosses, nicolae_eternal_life,
          chequers_serial_rivers_room_a, hangedman_decor_growths
D:6:      layout_gridville, mainiacjoe_overflow_paths, st_stairs_1
D:7:      layout_basic, fedhas_altar_2, general_overflow_altar,
          minmay_temple_entry_crystal_x, uniq_prince_ribbit1, uniq_jeremiah
D:8:      layout_loops_cross, minivault_14
D:9:      layout_basic, serial_shops, nicolae_shop_trees, uniq_joseph
Temple:   hellmonk_temple_divided_pantheon

Skill      XL: |  1  2  3  4  5  6  7  8  9 10 |
---------------+-------------------------------+-----
Unarmed Combat | 3 4 5 6 7 |  7.8
Evocations     | 1 2 3 4 5 |  5.9
Shapeshifting  | 1 2 3 5 6 |  6.5
Dodging        | 3 4 5 6 |  6.1
Fighting       | 5 6 |  6.0

Action                     |  1- 3 |  4- 6 |  7- 9 | 10-12 || total
---------------------------+-------+-------+-------+-------++-------
  Melee: Unarmed           |    72 |       |   284 |    42 ||   398
         Short sword       |    26 |    96 |       |       ||   122
         Touch             |       |       |    66 |    10 ||    76
         Dagger            |       |       |    33 |       ||    33
         Punch             |       |       |     8 |     4 ||    12
 Invoke: Reject Sacrifices |       |       |     1 |       ||     1
  Evoke: Wand              |       |       |    10 |     4 ||    14
    Use: Scroll            |     7 |     1 |     3 |     2 ||    13
         Potion            |     1 |     2 |     4 |       ||     7
   Stab: Sleeping          |       |       |     3 |       ||     3
         Distracted        |       |       |     1 |       ||     1
 Armour: Robe              |    55 |    44 |   196 |    34 ||   329
  Dodge: Dodged            |    48 |    59 |   217 |    34 ||   358
  Block: Other             |       |       |    45 |    13 ||    58
